 Dungeon Crawl Stone Soup version 0.30-a0-476-g330ca2eb8e (webtiles) character file.

Game seed: 10829323767364028319

1204 KennySheep the Conjurer (level 8, -4/67 HPs)
             Began as an Ogre Conjurer on Dec 20, 2022.
             Was an Initiate of Vehumet.
             Slain by a steam dragon (7 damage)
             ... on level 6 of the Dungeon on Dec 21, 2022.
             The game lasted 00:12:21 (5337 turns).

KennySheep the Conjurer (Ogre Conjurer)             Turns: 5337, Time: 00:12:22

Health: -4/67      AC:  3    Str: 12    XL:     8   Next: 45%
Magic:  3/16       EV:  9    Int: 21    God:    Vehumet [......]
Gold:   303        SH:  0    Dex:  7    Spells: 10/17 levels left

rFire   . . .      SeeInvis .    w - +1 long sword (vamp)
rCold   . . .      Faith    .    (no shield)
rNeg    . . .      Spirit   .    a - +0 robe
rPois   +          Reflect  .    (helmet restricted)
rElec   .          Harm     .    (no cloak)
rCorr   .          Rampage  .    (gloves unavailable)
Will    .....                    (boots unavailable)
Stlth   +.........               s - amulet of magic regeneration
HPRegen 0.31/turn                n - ring of poison resistance
MPRegen 0.55/turn                t - ring of flight

@: about to teleport, flying, hasted, very quick
A: large, unfitting armour, tough skin 1
a: Renounce Religion


You were on level 6 of the Dungeon.
You worshipped Vehumet.
Vehumet was noncommittal.
You visited 2 branches of the dungeon, and saw 7 of its levels.

You collected 303 gold pieces.

Inventory:

Hand Weapons
 p - a +0 dagger
 w - a +1 vampiric long sword (weapon)
Armour
 a - a +0 robe (worn)
Jewellery
 n - a ring of poison resistance (left hand)
 s - an amulet of magic regeneration (around neck)
 t - a ring of flight (right hand)
Wands
 v - a wand of charming (13)
Scrolls
 h - a scroll of teleportation
 j - 4 scrolls of torment
 k - 4 scrolls of enchant weapon
 l - 3 scrolls of identify
 m - 2 scrolls of butterflies {unknown}
Potions
 b - a potion of magic
 c - 2 potions of haste
 d - 2 potions of curing {unknown}
 e - a potion of ambrosia {unknown}
 f - 3 potions of heal wounds {unknown}
 g - a potion of flight {unknown}
 i - 3 potions of degeneration {unknown}
 o - 2 potions of attraction {unknown}
 q - a potion of brilliance {unknown}
 r - 2 potions of cancellation {unknown}
 z - a potion of lignification {unknown}


   Skills:
 - Level 1.7 Dodging
 - Level 1.4 Stealth
 + Level 5.4 Spellcasting
 * Level 6.7 Conjurations
 * Level 5.4 Translocations


You had 10 spell levels left.
You knew the following spells:

 Your Spells              Type           Power      Damage    Failure   Level
a - Magic Dart            Conj           100%       1d8       1%          1
b - Searing Ray           Conj           68%        2d6       1%          2
c - Iskenderun's Mystic   Conj/Tloc      31%        2d8       9%          4

Your spell library contained the following spells:

 Spells                   Type           Power      Damage    Failure   Level
 Dazzling Flash           Conj/Hex       38%        N/A       8%          3
 Portal Projectile        Hex/Tloc       34%        N/A       10%         3
 Fulminant Prism          Conj/Hex       9%         3d7       26%         4
 Petrify                  Tmut/Erth      5%         N/A       71%         4
 Metabolic Englaciation   Hex/Ice        2%         N/A       96%         5
 Silence                  Hex/Air        2%         N/A       96%         5
 Statue Form              Tmut/Erth      3%         N/A       100%        6


Dungeon Overview and Level Annotations

Branches:
Dungeon (6/15)             Temple (1/1) D:6

Altars:
Ashenzari
Dithmenos
Elyvilon
Gozag
Makhleb
Sif Muna
Vehumet
Wu Jian
Zin
The Shining One

Annotations:
D:3 3 runed translucent doors, bmack86's ghost, amateur MiFi


Innate Abilities, Weirdness & Mutations

You are too large for most types of armour.
You have tough skin. (AC +1)


Message History

The ice beast is severely wounded.
The ice beast hits you. The ice beast freezes you!
Casting: Iskenderun's Mystic Blast (dangerous; 9% risk of failure)
Confirm with . or Enter, or press ? or * to list all spells.
You erupt in a blast of force!
The mystic blast hits the ice beast!
You kill the ice beast!
Vehumet accepts your kill.
Casting: Iskenderun's Mystic Blast (dangerous; 9% risk of failure)
Confirm with . or Enter, or press ? or * to list all spells.
You erupt in a blast of force!
The mystic blast hits the steam dragon but does no damage.
The steam dragon breathes steam at you. The ball of steam hits you!
Casting: Iskenderun's Mystic Blast (dangerous; 9% risk of failure)
Confirm with . or Enter, or press ? or * to list all spells.
You erupt in a blast of force!
The mystic blast hits the steam dragon!
The steam dragon is moderately wounded.
The steam dragon is knocked back by the mystic blast.
The steam dragon attacks as you move away!
The steam dragon barely misses you. x2
The steam dragon breathes steam at you. The ball of steam hits you!
Casting: Iskenderun's Mystic Blast (dangerous; 9% risk of failure)
Confirm with . or Enter, or press ? or * to list all spells.
You erupt in a blast of force!
The mystic blast hits the steam dragon.
The steam dragon is heavily wounded.
The steam dragon breathes steam at you. The ball of steam hits you!!
* * * LOW HITPOINT WARNING * * *
As you read the scroll of fog, it crumbles to dust.
The scroll dissolves into smoke.
Really fly into that cloud of steam?
Okay, then.
As you read the scroll of teleportation, it crumbles to dust.
You feel strangely unstable. The steam dragon bites you.
* * * LOW HITPOINT WARNING * * *
The steam dragon barely misses you.
It was a potion of haste.
You feel yourself speed up. The steam dragon bites you!
You die...

#...........###......(..#
#............##.........#
#........#.#.##..........
#............##........#.
##......D######........#.
##....§## #........#.
####§### ##.###..##.
#§D§# ###.# ##.##.
###@#####...# #...#
#§§.....### ###.#
######### #.. ###


You could see a steam dragon.

Vanquished Creatures
  A kobold demonologist (D:6)
  2 ice beasts
  4 scorpions
  A hound (D:4)
  2 orc priests (D:4)
  5 iguanas
  4 orc wizards
  3 gnolls (D:6)
  7 adders
  4 dart slugs
  14 orcs
  13 bats
  10 endoplasms
  2 giant cockroaches
  12 goblins
  8 hobgoblins
  4 kobolds
  3 quokkas
  7 ball pythons
  2 frilled lizards (D:1)
  6 rats
114 creatures vanquished.

Notes
Turn   | Place    | Note
-------+----------+-------------------------------------------
     0 | D:1      | KennySheep the Ogre Conjurer began the quest for the Orb.
     0 | D:1      | Reached XP level 1. HP: 16/16 MP: 3/3
   300 | D:1      | Reached XP level 2. HP: 24/24 MP: 2/5
   303 | D:1      | Learned a level 2 spell: Searing Ray
   427 | D:1      | Reached skill level 1 in Translocations
   792 | D:1      | Reached XP level 3. HP: 31/31 MP: 2/7
   894 | D:1      | Reached skill level 4 in Conjurations
  1411 | D:2      | Got the Precepts of Guile
  1532 | D:2      | Upgraded the game from 0.30-a0-469-g84de5afbc5 to
                  | 0.30-a0-475-g03497ec522
  1532 | D:2      | Upgraded the game from 0.30-a0-475-g03497ec522 to
                  | 0.30-a0-476-g330ca2eb8e
  2301 | D:3      | Reached XP level 4. HP: 39/39 MP: 5/8
  2306 | D:3      | Learned a level 4 spell: Iskenderun's Mystic Blast
  2572 | D:3      | Found a runed translucent gate.
  2572 | D:3      | Found a runed translucent gate.
  2572 | D:3      | Found a runed translucent gate.
  2582 | D:3      | Noticed bmack86's ghost (amateur MiFi)
  2996 | D:4      | Reached XP level 5. HP: 44/45 MP: 1/10
  3400 | D:4      | Reached XP level 6. HP: 45/53 MP: 5/11
  3721 | D:4      | Reached skill level 5 in Conjurations
  4153 | D:5      | Entered Level 5 of the Dungeon
  4154 | D:5      | Noticed an ice beast
  4385 | D:5      | Killed an ice beast
  4386 | D:5      | Reached XP level 7. HP: 59/59 MP: 2/13
  4473 | D:5      | Identified a scroll of acquirement
  4474 | D:5      | Acquired an amulet of magic regeneration
  4970 | D:6      | Reached skill level 6 in Conjurations
  4978 | D:6      | Found a staircase to the Ecumenical Temple.
  5013 | Temple   | Entered the Ecumenical Temple
  5021 | Temple   | Became a worshipper of Vehumet
  5067 | D:6      | Noticed a kobold demonologist
  5075 | D:6      | Noticed a soul eater
  5076 | D:6      | Noticed a smoke demon
  5078 | D:6      | Killed a kobold demonologist
  5079 | D:6      | Reached skill level 5 in Spellcasting
  5079 | D:6      | Reached skill level 5 in Translocations
  5079 | D:6      | Reached XP level 8. HP: 48/67 MP: 7/15
  5334 | D:6      | HP: 3/67 [steam dragon/ball of steam (22)]
  5337 | D:6      | Slain by a steam dragon

Illustrated notes

Levels and vault maps discovered:
D:1:      amcnicky_arrival_underground_garden, layout_basic
D:2:      layout_rooms, item_on_display_a
D:3:      layout_basic, ebering_ghost_rock_garden
D:4:      layout_gridville, kennysheep_generic_room_9
D:5:      layout_cave_pools
D:6:      layout_rooms, minmay_temple_entry_arrows, hangedman_decor_slide_cut,
          minmay_misc_feat_five
Temple:   compressed_dpeg_triangle_lava_temple

Skill      XL: |  1  2  3  4  5  6  7 |
---------------+----------------------+-----
Translocations | 1 2 3 5 |  5.4
Conjurations   | 4 5 6 |  6.7
Spellcasting   | 3 4 5 |  5.4
Dodging        | |  1.7
Stealth        | |  1.4

Action                   |  1- 3 |  4- 6 |  7- 9 || total
-------------------------+-------+-------+-------++-------
Melee: Long sword        |       |     8 |     6 ||    14
 Cast: Magic Dart        |    90 |    85 |    38 ||   213
       Searing Ray       |       |    11 |    18 ||    29
       Iskenderun's Myst |       |       |     5 ||     5
  Use: Scroll            |       |       |     8 ||     8
       Potion            |       |       |     1 ||     1
Armor: Robe              |     4 |     4 |     4 ||    12
Dodge: Dodged            |     5 |    12 |    13 ||    30

Table legend: (Time is in decaauts)
 A = Elapsed time spent in this place.
 B = Non-inter-level travel time spent in this place.
 C = Inter-level travel time spent in this place.
 D = Time resting spent in this place.
 E = Time spent auto-exploring this place.
 F = Levels seen in this place.
 G = Mean time per level.
                   A        B        C        D        E       F      G
               +--------+--------+--------+--------+--------+-----+--------+
         Total |   5339 |   5181 |    158 |    449 |   4075 |   7 |  762.7 |
       Dungeon |   5286 |   5128 |    158 |    412 |   4075 |   6 |  881.0 |
        Temple |     53 |     53 |      0 |     37 |      0 |   1 |   53.0 |
               +--------+--------+--------+--------+--------+-----+--------+

Top non-repeatable levels by time:
     D:4: 1340 daAuts
     D:1: 1313 daAuts
     D:2: 795 daAuts
     D:3: 735 daAuts
     D:5: 650 daAuts
     D:6: 450 daAuts
  Temple: 53 daAuts
